 Dungeon Crawl Stone Soup version 0.18-a0-1551-g40744a8 (console) character file.

6824 Liam the Thaumaturge (level 10, -2/56 HPs)
             Began as a Deep Elf Conjurer on Mar 11, 2016.
             Slain by a spiny frog (19 damage)
             ... on level 8 of the Dungeon.
             The game lasted 00:20:38 (9172 turns).

Liam the Thaumaturge (Deep Elf Conjurer)            Turns: 9172, Time: 00:20:38

Health: -2/56      AC:  2    Str:  8    XL:     10   Next: 77%
Magic:  3/28       EV: 13    Int: 26    God:
Gold:   614        SH:  7    Dex: 17    Spells: 3 memorised, 23 levels left

rFire  + . .     SeeInvis +     (no weapon)
rCold  + . .     Gourm    .     A - +0 robe {rC+ rF+}
rNeg   . . .     Faith    .     D - +2 buckler "Sesohol" {Str+3 Int+2 Dex+2 SInv}
rPois  .         Spirit   .     (no helmet)
rElec  .         Dismiss  .     (no cloak)
rCorr  .         Reflect  .     (no gloves)
SustAt .         Harm     .     (no boots)
MR     +....                    (no amulet)
Stlth  +++.......               (no ring)
                                j - ring of stealth

@: somewhat resistant to hostile enchantments, fairly stealthy
A: no striking features
a: no special abilities


You were on level 8 of the Dungeon.
You were not hungry.

You visited 3 branches of the dungeon, and saw 10 of its levels.

You collected 614 gold pieces.

Inventory:

Armour
 A - a +0 robe of resistance (worn)
 D - the +2 buckler "Sesohol" (worn) {Str+3 Int+2 Dex+2 SInv}
   (You found it on level 6 of the Dungeon)

   It affects your strength (+3).
   It affects your intelligence (+2).
   It affects your dexterity (+2).
   It lets you see invisible.
Jewellery
 j - a ring of stealth (left hand)
Wands
 w - a wand of disintegration (0/24)
 E - a wand of paralysis (21/24)
Scrolls
 a - 2 scrolls of fog {unknown}
 e - a scroll of enchant weapon
 k - a scroll of recharging
 n - 10 scrolls of identify
 t - a scroll of teleportation
 y - a scroll of remove curse
 z - a scroll of blinking
Potions
 d - 5 potions of curing
 f - a potion of brilliance {unknown}
 g - 2 potions of mutation {unknown}
 h - 3 potions of invisibility {unknown}
 l - 2 potions of flight {unknown}
 m - a potion of magic {unknown}
 q - a potion of ambrosia {unknown}
 r - 2 potions of heal wounds {unknown}
 v - 2 potions of agility {unknown}
 x - a potion of cancellation {unknown}
 B - a potion of lignification {unknown}
Books
 b - a book of Conjurations

   Spells                             Type                      Level
   a - Magic Dart                     Conjuration                  1
   b - Searing Ray                    Conjuration                  2
   c - Dazzling Spray                 Conjuration/Hexes            3
   d - Fulminant Prism                Conjuration/Hexes            4
   e - Iskenderun's Mystic Blast      Conjuration                  4
   f - Iskenderun's Battlesphere      Conjuration/Charms           5
 C - a book of Maledictions

   Spells                             Type                      Level
   a - Corona                         Hexes                        1
   b - Ensorcelled Hibernation        Hexes/Ice                    2
   c - Confuse                        Hexes                        3
   d - Tukima's Dance                 Hexes                        3
   e - Dazzling Spray                 Conjuration/Hexes            3
Comestibles
 c - 11 bread rations
 i - 8 fruits
 o - 4 royal jellies
 p - 9 slices of pizza
 s - 2 meat rations
 u - 4 beef jerkies
 F - a chunk of flesh


   Skills:
 + Level 3.4 Fighting
 - Level 2.4 Dodging
 - Level 2.4 Stealth
 + Level 3.5 Shields
 * Level 12.1 Spellcasting
 * Level 10.8 Conjurations
 * Level 11.3 Charms


You had 23 spell levels left.
You knew the following spells:

 Your Spells              Type           Power        Failure   Level  Hunger
a - Magic Dart            Conj           ####         1%          1    None
p - Iskenderun's Battles  Conj/Chrm      ######..     1%          5    ###....
x - Iskenderun's Mystic   Conj           ######..     1%          4    None


Dungeon Overview and Level Annotations

Branches:
Dungeon (8/15)             Temple (1/1) D:5            Lair (1/8) D:8

Altars:
Ashenzari
Cheibriados
Dithmenos
Fedhas
Gozag
Kikubaaqudgha
Makhleb
Nemelex Xobeh
Okawaru
Pakellas
Qazlal
Sif Muna
Trog
Xom
Yredelemnul
Zin

Shops:
D:7 %


Message History

Unknown command.
Casting: Iskenderun's Mystic Blast
Confirm with . or Enter, or press ? or * to list all spells.
You don't have enough magic to cast that spell.
Unknown command.
Unknown command.
Unknown command.
The spiny frog stings you!! You block the spiny frog's attack.
There is a staircase back to the Dungeon here.
The yak gores you!
* * * LOW HITPOINT WARNING * * *
You climb upwards.
Welcome back to the Dungeon!
Your battlesphere wavers and loses cohesion.
There is a staircase to the Lair here.
Read which item? (? for menu, Esc to quit)
Okay, then.
Drink which item? (? for menu, Esc to quit)
It was a potion of curing.
You feel better. The spiny frog stings you!!
You die...

......###..# #.# #. ####.## ##.#
####.# ## ##.###..# #....# #
##.#.#.# ###.##.# ###########
#######.######.....####..........
..........##)[.......##.#########
.###.##[###)..........#.# #.) .#
#.##.##.).[.Y.......(# #.# .#
#.##.#...[...@....)..# #.#
.###.##[........F).....## #.#
..........#....)......## #.#
.###.###..##.........## #(#
...#.##...####.....### #.#
##)#.#.....# ###.#..# #.#
..........## ##...# #.#
##.###.....## ##....# #.# ##.#
##.....###.....# #..


You could see a yak and a spiny frog.

Vanquished Creatures
  Pikel (D:7)
  A deep elf mage (D:6)
  An elephant (D:8)
  Maurice (D:8)
  The ghost of Ijustatesigmund the Insei, a novice OpTm of Cheibriados (D:5)
  A spiny frog (Lair:1)
  2 komodo dragons (Lair:1)
  3 blink frogs (Lair:1)
  A human (D:7)
  2 yaks
  The ghost of Liam the Conjurer, an amateur DECj (D:4)
  3 porcupines (Lair:1)
  3 ice beasts
  A phantom (D:6)
  3 orc warriors
  A sky beast (D:8)
  2 slaves (D:7)
  2 ogres (D:7)
  A wolf (Lair:1)
  A crocodile (D:8)
  2 centaurs
  5 giant frogs
  2 howler monkeys (D:5)
  3 crimson imps
  A quasit (D:7)
  4 hounds
  2 jellies
  5 orc priests
  5 orc wizards (D:8)
  A centaur skeleton (D:6)
  4 iguanas
  Terence (D:2)
  3 worker ants
  5 sheep
  2 worker ant zombies
  A howler monkey zombie (D:5)
  A howler monkey skeleton (D:4)
  7 adders
  2 shadow imps
  An ooze (D:2)
  An adder skeleton (D:5)
  3 worms (D:2)
  A dart slug (D:1)
  4 giant geckos
  29 orcs
  6 giant cockroaches
  7 goblins
  7 hobgoblins
  17 jackals
  4 quokkas
  5 bats
  7 giant newts
  2 goblin zombies (D:7)
  8 kobolds
  8 rats
198 creatures vanquished.

Vanquished Creatures (others)
  A giant frog (D:7)
  A crimson imp (D:7)
  A centaur zombie (D:7)
  An iguana (D:5)
  A giant gecko (D:7)
  5 fungi (D:8)
10 creatures vanquished.

Grand Total: 208 creatures vanquished

Notes
Turn   | Place    | Note
--------------------------------------------------------------
     0 | D:1      | Liam the Deep Elf Conjurer began the quest for the Orb.
     0 | D:1      | Reached XP level 1. HP: 10/10 MP: 6/6
   406 | D:1      | Reached XP level 2. HP: 15/15 MP: 5/8
   835 | D:2      | Reached skill level 4 in Spellcasting
   859 | D:2      | Reached skill level 5 in Conjurations
   859 | D:2      | Reached XP level 3. HP: 19/19 MP: 4/10
  1167 | D:2      | Noticed Terence
  1177 | D:2      | Killed Terence
  1177 | D:2      | Reached XP level 4. HP: 12/24 MP: 1/12
  1935 | D:3      | Reached skill level 5 in Spellcasting
  2180 | D:3      | Found a shadowy altar of Dithmenos.
  2239 | D:3      | Reached XP level 5. HP: 18/28 MP: 1/14
  2245 | D:3      | Learned a level 4 spell: Iskenderun's Mystic Blast
  2251 | D:3      | Learned a level 5 spell: Iskenderun's Battlesphere
  2589 | D:4      | Noticed Liam's ghost (amateur DECj)
  2594 | D:4      | Killed Liam's ghost
  2594 | D:4      | Reached skill level 6 in Spellcasting
  2594 | D:4      | Reached XP level 6. HP: 24/32 MP: 7/17
  2764 | D:4      | Reached skill level 1 in Charms
  3026 | D:5      | Entered Level 5 of the Dungeon
  3787 | D:5      | Found a staircase to the Ecumenical Temple.
  4063 | D:5      | Reached skill level 7 in Spellcasting
  4063 | D:5      | Reached XP level 7. HP: 34/36 MP: 12/19
  4588 | D:5      | Noticed Ijustatesigmund's ghost (novice OpTm)
  4730 | D:5      | Found an oddly glowing altar of Pakellas.
  4730 | D:5      | Noticed an orange crystal statue
  4810 | Temple   | Entered the Ecumenical Temple
  4932 | D:5      | Killed Ijustatesigmund's ghost
  4932 | D:5      | Reached skill level 5 in Charms
  5060 | D:6      | Reached skill level 8 in Spellcasting
  5060 | D:6      | Reached XP level 8. HP: 41/41 MP: 11/22
  5340 | D:6      | Found a blossoming altar of Fedhas.
  5423 | D:6      | Got a distressingly furry buckler
  5424 | D:6      | Identified the +2 buckler "Sesohol" {Str+3 Int+2 Dex+2 SInv} (You found it on level 6 of the Dungeon)
  5565 | D:6      | Noticed a deep elf mage
  5568 | D:6      | Killed a deep elf mage
  5568 | D:6      | Reached skill level 1 in Fighting
  5568 | D:6      | Reached skill level 1 in Shields
  5568 | D:6      | Reached skill level 9 in Spellcasting
  5939 | D:7      | Noticed Pikel
  5947 | D:7      | Killed Pikel
  5947 | D:7      | Reached XP level 9. HP: 47/47 MP: 5/24
  6095 | D:7      | Reached skill level 10 in Spellcasting
  7182 | D:7      | Found Oqosac's Food Shoppe.
  7430 | D:8      | Noticed Maurice
  7568 | D:8      | Noticed an elephant
  7796 | D:8      | Found a burning altar of Makhleb.
  7846 | D:8      | Killed an elephant
  7846 | D:8      | Reached skill level 10 in Conjurations
  8008 | D:8      | Reached XP level 10. HP: 49/54 MP: 14/26
  8010 | D:8      | Found a blossoming altar of Fedhas.
  8020 | D:8      | Killed Maurice
  8020 | D:8      | Reached skill level 11 in Spellcasting
  8020 | D:8      | Reached skill level 10 in Charms
  8452 | D:8      | Found a staircase to the Lair.
  8905 | Lair:1   | Entered Level 1 of the Lair of Beasts
  9003 | Lair:1   | Noticed a spiny frog
  9010 | Lair:1   | Killed a spiny frog
  9017 | Lair:1   | Reached skill level 12 in Spellcasting
  9161 | Lair:1   | Noticed a spiny frog
  9162 | Lair:1   | Noticed a spiny frog
  9172 | D:8      | Slain by a spiny frog

Vault maps used:
D:1:      elethiomel_arrival_maze
D:2:      nicolae_overflow_hidden_temple, uniq_terence
D:3:      grunt_dithmenos_smoke_and_mirrors
D:4:      first_bread
D:5:      wad_lake_hut, gammafunk_pakellas_statue_experiment,
          minmay_temple_entry_statues
D:6:      fedhas_altar_1, guppyfry_early_elven_hall
D:7:      enter_ossuary_4, serial_shops, kennysheep_mini, grunt_livestock,
          uniq_pikel
D:8:      makhleb_heckhound_becter, david_lair_generic, lemuel_tele_altar,
          uniq_maurice
Temple:   temple_eino_lava_12
Lair:1:   nicolae_volcano_entry_two_sided, grunt_forest_large_clearings,
          grunt_megastairs_5, uniq_nergalle, uniq_erica

Skill      XL: |  1  2  3  4  5  6  7  8  9 10 |
---------------+-------------------------------+-----
Spellcasting   | 4 5 6 7 8 9 10 12 | 12.1
Conjurations   | 5 6 7 9 10 | 10.8
Charms         | 3 5 8 9 11 | 11.3
Fighting       | 1 2 3 |  3.4
Shields        | 1 2 3 |  3.5
Dodging        | |  2.4
Stealth        | |  2.4

Action                   |  1- 3 |  4- 6 |  7- 9 | 10-12 || total
-------------------------+-------+-------+-------+-------++-------
Melee: Unarmed           |       |     3 |     1 |    15 ||    19
 Cast: Magic Dart        |    71 |   135 |   174 |    83 ||   463
       Iskenderun's Myst |       |    12 |    26 |    16 ||    54
       Iskenderun's Batt |       |     1 |    27 |    14 ||    42
Evoke: Wand              |       |       |       |     2 ||     2
  Use: Scroll            |       |       |     9 |       ||     9
       Potion            |       |       |       |     1 ||     1
  Eat: Chunk             |       |    10 |    16 |     5 ||    31
       Fruit             |       |       |     3 |       ||     3
